 Dungeon Sprint DCSS version 0.20.1-1-g8b1a95d (webtiles) character file.

1116 Fang the Cleaver (level 8, 0/90 HPs)
             Began as a Gargoyle Berserker on Oct 22, 2018.
             Was a High Priest of Trog.
             Slain by a ten-headed hydra (2 damage)
             ... in the Dungeon (Sprint VII: "The Pits").
             The game lasted 00:01:53 (846 turns).

Fang the Cleaver (Gargoyle Berserker)                Turns: 846, Time: 00:01:54

Health: 0/90       AC: 20    Str: 29    XL:     8   Next: 34%
Magic:  8/8        EV:  9    Int:  7    God:    Trog [*****.]
Gold:   0          SH:  0    Dex:  9    Spells: 7/7 levels left

rFire    . . .     SeeInvis .   o - +0 hand axe (chop)
rCold    . . .     Gourm    .   (no shield)
rNeg     + . .     Faith    .   p - +2 plate armour
rPois    ∞         Spirit   .   (no helmet)
rElec    +         Reflect  .   (no cloak)
rCorr    .         Harm     .   (no gloves)
MR       .....     NoTele   +   (no boots)
Stlth    ..........             (no amulet)
Regen    0.3/turn               (no ring)
MPRegen  0.2/turn               (no ring)

@: berserking, very quick
A: negative energy resistance 1, electricity resistance, unbreathing,
petrification resistance, rot immunity, AC +5
a: Berserk, Trog's Hand, Brothers in Arms, Burn Spellbooks, Renounce Religion


You were in the Dungeon.
You worshipped Trog.
Trog was extremely pleased with you.
You were hungry.

You visited 1 branch

Inventory:

Hand Weapons
 j - a +2 hand axe
 o - a +0 hand axe of chopping (weapon)
 q - a +4 antimagic battleaxe
Armour
 b - a +0 animal skin
 p - a +2 plate armour (worn)
Scrolls
 i - a scroll of blinking
 k - 3 scrolls of remove curse
 l - a scroll of summoning
Potions
 a - 2 potions of invisibility
 d - 6 potions of curing
 e - 5 potions of heal wounds
 f - a potion of haste
 g - 4 potions of magic
 h - 3 potions of berserk rage
Comestibles
 c - 8 bread rations
 m - 40 fruits
 n - 7 meat rations


   Skills:
 + Level 11.2 Fighting
 + Level 11.6 Axes
 + Level 6.3 Armour
 + Level 5.1 Dodging
 + Level 1.3 Stealth


You had 7 spell levels left.
You didn't know any spells.

Dungeon Overview and Level Annotations

Branches:
Dungeon (1/1)

Altars:
Ashenzari
Cheibriados
Dithmenos
Elyvilon
Fedhas
Gozag
Hepliaklqana
Kikubaaqudgha
Makhleb
Nemelex Xobeh
Okawaru
Qazlal
Ru
Sif Muna
Trog
Uskayaw
Vehumet
Xom
Yredelemnul
Zin
The Shining One
Beogh
Jiyva
Lugonu


Innate Abilities, Weirdness & Mutations

You are resistant to torment.
Your stone body is resilient. (AC +5)
You are immune to poison.
You resist negative energy. (rN+)
You are resistant to electric shocks. (rElec)
You can survive without breathing.
You are immune to petrification.
You are immune to rotting.


Message History

The eight-headed hydra grows two more!
You slash the ten-headed hydra!
The ten-headed hydra is moderately wounded.
You hit the demonic crawler.
The demonic crawler hits you but does no damage.
The demonic crawler completely misses you.
The demonic crawler hits you but does no damage.
You completely miss the ten-headed hydra.
The ten-headed hydra is moderately wounded.
You hit the demonic crawler.
The ten-headed hydra bites you but does no damage.
The ten-headed hydra barely misses you.
The ten-headed hydra closely misses you.
The ten-headed hydra bites you but does no damage. x2
The ten-headed hydra barely misses you. The ten-headed hydra bites you!
* * * LOW HITPOINT WARNING * * *
The ten-headed hydra bites you.
* * * LOW HITPOINT WARNING * * *
The ten-headed hydra bites you but does no damage.
The ten-headed hydra bites you.
You die...

#.##'#..#'###...<...#
#.#..).....##.......#
#.#........##.......#
#)###########.......#
#[).....#.)##########
#.).#...#)######
#...#...#.#....#
#.##.##.#)#....#
#...#...#.@D...+
#...#...#'#s...#
#.......'.#....#
################


You could see a ten-headed hydra and a demonic crawler.

Vanquished Creatures
  Grinder (D)
  A neqoxec (D)
  2 floating eyes (D)
  A black bear (D)
  A necrophage (D)
  2 phantoms (D)
  A gnoll sergeant (D)
  2 orc priests (D)
  An orc wizard (D)
  A worker ant (D)
  4 gnolls (D)
  An ufetubus (D)
  2 orcs (D)
  A bat skeleton (D)
  A giant cockroach (D)
  A hobgoblin (D)
  A ball python (D)
  A kobold (D)
  A rat (D)
26 creatures vanquished.

Notes
Turn   | Place    | Note
-------+----------+-------------------------------------------
     0 | D        | Fang the Gargoyle Berserker began the quest for the Orb.
     0 | D        | Reached XP level 1. HP: 14/14 MP: 1/1
   141 | D        | Reached ** piety under Trog
   153 | D        | Noticed a floating eye
   154 | D        | Paralysed by a floating eye for 3 turns
   159 | D        | Paralysed by a floating eye for 2 turns
   161 | D        | Killed a floating eye
   161 | D        | Reached XP level 2. HP: 23/23 MP: 2/2
   161 | D        | Reached XP level 3. HP: 28/28 MP: 3/3
   161 | D        | Reached XP level 4. HP: 32/32 MP: 4/4
   172 | D        | Reached *** piety under Trog
   178 | D        | Reached XP level 5. HP: 18/38 MP: 5/5
   488 | D        | Found a bloodstained altar of Trog.
   488 | D        | Found a deep blue altar of Sif Muna.
   488 | D        | Found a viscous altar of Jiyva.
   488 | D        | Found a hazy altar of Hepliaklqana.
   488 | D        | Found an opulent altar of Gozag.
   489 | D        | Found a glowing golden altar of the Shining One.
   489 | D        | Found a glowing silver altar of Zin.
   489 | D        | Found a basalt altar of Yredelemnul.
   489 | D        | Found a shimmering altar of Xom.
   489 | D        | Found a sacrificial altar of Ru.
   489 | D        | Found a stormy altar of Qazlal.
   489 | D        | Found an iron altar of Okawaru.
   489 | D        | Found a sparkling altar of Nemelex Xobeh.
   489 | D        | Found a burning altar of Makhleb.
   489 | D        | Found a blossoming altar of Fedhas.
   489 | D        | Found a white marble altar of Elyvilon.
   489 | D        | Found a shadowy altar of Dithmenos.
   489 | D        | Found a snail-covered altar of Cheibriados.
   490 | D        | Found a radiant altar of Vehumet.
   490 | D        | Found a corrupted altar of Lugonu.
   490 | D        | Found a roughly hewn altar of Beogh.
   491 | D        | Found a hide-covered altar of Uskayaw.
   491 | D        | Found an ancient bone altar of Kikubaaqudgha.
   491 | D        | Found a shattered altar of Ashenzari.
   516 | D        | Noticed Grinder
   517 | D        | Noticed a floating eye
   517 | D        | Noticed a phantom
   518 | D        | Paralysed by a floating eye for 2 turns
   526 | D        | Reached **** piety under Trog
   527 | D        | Killed a floating eye
   527 | D        | Reached XP level 6. HP: 40/45 MP: 6/6
   530 | D        | Reached ***** piety under Trog
   537 | D        | Killed a phantom
   537 | D        | Received a gift from Trog
   537 | D        | Reached skill level 1 in Stealth
   539 | D        | Reached XP level 7. HP: 40/51 MP: 7/7
   540 | D        | Paralysed by Grinder for 5 turns
   552 | D        | Paralysed by Grinder for 7 turns
   563 | D        | Paralysed by Grinder for 4 turns
   569 | D        | Paralysed by Grinder for 3 turns
   591 | D        | Killed Grinder
   591 | D        | Reached skill level 10 in Fighting
   591 | D        | Reached skill level 10 in Axes
   591 | D        | Reached skill level 5 in Armour
   705 | D        | Noticed a neqoxec
   714 | D        | Killed a neqoxec
   714 | D        | Reached skill level 5 in Dodging
   714 | D        | Reached XP level 8. HP: 59/59 MP: 8/8
   812 | D        | Received a gift from Trog
   836 | D        | Noticed a demonic crawler
   836 | D        | Noticed a five-headed hydra
   846 | D        | HP: 2/90 [ten-headed hydra (3)]
   846 | D        | Slain by a ten-headed hydra

Skill      XL: |  1  2  3  4  5  6  7  8 |
---------------+-------------------------+-----
Axes           | 6 8 9 11 | 11.6
Fighting       | 6 7 8 9 10 11 | 11.2
Armour         | 3 4 5 6 |  6.3
Dodging        | 3 4 5 |  5.1
Stealth        | 1 |  1.3

Action                   |  1- 3 |  4- 6 |  7- 9 || total
-------------------------+-------+-------+-------++-------
Melee: Hand axe          |    11 |    30 |    66 ||   107
Invok: Berserk           |       |     1 |     2 ||     3
  Use: Potion            |       |       |     1 ||     1
  Eat: Chunk             |       |       |     2 ||     2
Armor: Animal skin       |     5 |     3 |       ||     8
       Plate armour      |       |    15 |    58 ||    73
Dodge: Dodged            |     8 |    18 |    32 ||    58
